 Dungeon Crawl Stone Soup version 0.30-b1-2-g02819fbbbe (webtiles) character file.

Game seed: 9752915278715442911

119 ketsa the Insei (level 5, -8/37 HPs)
             Began as a Merfolk Transmuter on May 12, 2023.
             Mangled by a gnoll
             ... wielding a +0 halberd
              (11 damage)
             ... on level 3 of the Dungeon.
             The game lasted 00:16:59 (3153 turns).

ketsa the Insei (Merfolk Transmuter)                Turns: 3153, Time: 00:16:59

Health: -8/37      AC:  2    Str: 10    XL:     5   Next: 3%
Magic:  0/9        EV: 12    Int: 14    God:
Gold:   159        SH:  0    Dex: 15    Spells: 6/9 levels left

rFire   . .          .
                       - Unarmed
rCold   . . .        (no shield)
rNeg    . . .        a - +0 robe
rPois   .            h - melded +2 helmet of Rationality {rC+ Str+3 Int+2}
rElec   .            (no cloak)
rCorr   .            (no gloves)
SInv    .            (boots currently unavailable)
Will    .....        f - amulet of guardian spirit
Stlth   +            (no ring)
HPRegen 0.26/turn    (no ring)
MPRegen 0.11/turn

%: guardian spirit
@: mighty, appendages
A: horns 2, (nimble swimmer 2), mertail
a: End Transformation


You were on level 3 of the Dungeon.
You had temporarily grown beastly horns.
You visited 1 branch of the dungeon, and saw 3 of its levels.

You collected 159 gold pieces.

Inventory:

Hand Weapons
 j - a +0 rapier
 p - a +0 sling
Missiles
 i - 6 boomerangs (quivered)
 k - 29 stones
Armour
 a - a +0 robe (worn)
 g - a +0 scale mail
 h - the +2 helmet of Rationality (melded) {rC+ Str+3 Int+2}
   (You took it off Robin on level 2 of the Dungeon)

   Str:       It affects your strength (+3).
   Int:       It affects your intelligence (+2).
   rC:        It protects you from cold.
Jewellery
 f - an amulet of guardian spirit (around neck)
 t - a ring of see invisible
Scrolls
 e - 2 scrolls of teleportation
 l - 2 scrolls of vulnerability {unknown}
 q - a scroll of summoning {unknown}
 r - a scroll of fog {unknown}
 u - a scroll of identify
 v - a scroll of poison {unknown}
 w - a scroll of enchant armour {unknown}
Potions
 b - a potion of lignification
 d - a potion of heal wounds
 m - 3 potions of curing
 n - a potion of resistance
 o - a potion of attraction {unknown}
 s - 2 potions of degeneration {unknown}


   Skills:
 + Level 1.2 Fighting
 - Level 2.6 Dodging
 * Level 4.6 Unarmed Combat
 + Level 2.9 Spellcasting
 + Level 4.1 Transmutations
 + Level 0.3 Poison Magic


You had 6 spell levels left.
You knew the following spells:

 Your Spells              Type           Power      Damage    Failure   Level
a - Beastly Appendage     Tmut           26%        N/A       4%          1
b - Wereblood             Tmut           13%        N/A       6%          2

Your spell library contained the following spells:

 Spells                   Type           Power      Damage    Failure   Level
 Sting                    Tmut/Pois      32%        1d4       9%          1
 Spider Form              Tmut/Pois      8%         N/A       26%         3
 Poisonous Vapours        Pois/Air       4%         N/A       30%         2
 Lesser Beckoning         Tloc           4%         N/A       32%         2
 Gell's Gravitas          Tloc           2%         N/A       54%         3
 Teleport Other           Tloc           2%         N/A       54%         3
 Ice Form                 Ice/Tmut       7%         N/A       67%         4
 Olgreb's Toxic Radiance  Pois           3%         N/A       88%         4


Dungeon Overview and Level Annotations

Branches:
Dungeon (3/15)

Altars:

Shops:
D:1 =

Annotations:
D:2 1 exclusion


Innate Abilities, Weirdness & Mutations

You have temporarily grown beastly horns.
((You are very nimble when in or above water. (Stealth+, EV+, Speed+++)))
Your lower body shifts to a powerful aquatic tail in water.


Message History

You now have 159 gold pieces (gained 17).
A frilled lizard comes into view.
Casting: Beastly Appendage (safe; 3% risk of failure)
Confirm with . or Enter, or press ? or * to list all spells.
You grow a pair of large bovine horns.
The +2 helmet of Rationality {rC+ Str+3 Int+2} melds into your body.
The frilled lizard hisses angrily.
The frilled lizard closely misses you.
A gnoll comes into view. It is wielding a +0 flail.
You hit the frilled lizard.
You kill the frilled lizard!
The gnoll shouts!
Things that are here:
8 stones; a frilled lizard corpse
k - 29 stones (gained 8)
The gnoll shouts!
There is a stone staircase leading up, spattered with blood here.
Okay, then.
You feel very mighty all of a sudden.
Your transformation is almost over.
The gnoll hits you with a +0 flail! The gnoll closely misses you.
Casting: Beastly Appendage (safe; 4% risk of failure)
Confirm with . or Enter, or press ? or * to list all spells.
You extend your transformation's duration.
The gnoll misses you.
You punch the gnoll!
You kill the gnoll!
The gnoll closely misses you. The gnoll barely misses you.
You have reached level 5!
You feel agile. The gnoll hits you with a +0 halberd!
The gnoll hits you with a +0 spear!
* * * LOW HITPOINT WARNING * * *
There is a stone staircase leading up, spattered with blood here.
You punch the gnoll!
The gnoll is severely wounded.
The gnoll barely misses you. The gnoll hits you with a +0 spear!
* * * LOW HITPOINT WARNING * * *
You hit the gnoll.
You kill the gnoll!
The gnoll hits you with a +0 halberd!
You die...

########## ##########
##...##...###........#
##..........##........#
#............#.........
#....)@......#.........
#....))g.....#.....†...
##..........##.........
##...##...###...).....
#######.## #.........
#..######....##
##..###.†.##.##
##.....##.....
##.##.....#..


You could see a gnoll.

Vanquished Creatures
  Robin (D:2)
  2 gnolls (D:3)
  2 adders (D:2)
  2 worms (D:2)
  4 dart slugs
  5 ball pythons
  4 bats
  5 endoplasms
  2 giant cockroaches
  10 goblins
  10 hobgoblins
  4 jackals
  2 quokkas (D:1)
  3 frilled lizards
  5 kobolds
  2 rats
63 creatures vanquished.

Notes
Turn   | Place    | Note
-------+----------+-------------------------------------------
     0 | D:1      | ketsa the Merfolk Transmuter began the quest for the Orb.
     0 | D:1      | Reached XP level 1. HP: 15/15 MP: 3/3
    16 | D:1      | Found Ygixzoh's Jewellery Emporium.
   228 | D:1      | Reached XP level 2. HP: 21/21 MP: 3/5
   231 | D:1      | Learned a level 2 spell: Wereblood
   645 | D:1      | Reached XP level 3. HP: 26/26 MP: 3/6
  1116 | D:2      | Identified the +2 helmet of Rationality {rC+ Str+3 Int+2}
  1116 | D:2      | Noticed Robin
  1306 | D:2      | Noticed a black bear
  1556 | D:2      | Reached XP level 4. HP: 22/32 MP: 1/8
  1807 | D:2      | Killed Robin
  3151 | D:3      | Reached XP level 5. HP: 24/37 MP: 5/9
  3153 | D:3      | Mangled by a gnoll

Illustrated notes

Levels and vault maps discovered:
D:1:      heliophobic_arrival_ceremonial_halls, layout_basic, serial_shops,
          shop, minivault_23, minmay_small_reverse_x
D:2:      layout_basic, kennysheep_big_empty_room, corner_web_ring, uniq_robin
D:3:      layout_rooms, basic_ecumenical_altar, uniq_terence

Skill      XL: |  1  2  3  4 |
---------------+-------------+-----
Transmutations | 3 4 |  4.1
Unarmed Combat | 4 |  4.6
Fighting       | |  1.2
Dodging        | |  2.6
Spellcasting   | |  2.9
Poison Magic   | |  0.3

Action                     |  1- 3 |  4- 6 || total
---------------------------+-------+-------++-------
  Melee: Unarmed           |    86 |    88 ||   174
         Headbutt          |     7 |     6 ||    13
         Punch             |     5 |     3 ||     8
  Throw: Boomerang         |    15 |    12 ||    27
   Cast: Beastly Appendage |    14 |     8 ||    22
         Wereblood         |     2 |     1 ||     3
    Use: Scroll            |     4 |       ||     4
         Potion            |     2 |     1 ||     3
   Stab: Sleeping          |       |     1 ||     1
 Armour: Robe              |    15 |    18 ||    33
  Dodge: Dodged            |    54 |    48 ||   102
